| TOP OF THE 1ST |
|
Kingsport Mets batting - Pitching for Billings Mustangs : RHP Matt Johnson
|
|
Pitching: RHP Matt Johnson
|
|
|
Batting: RHB Josh Jones
|
0-0: Foul Ball, location: 2F 0-1: Ball 1-1: Swinging Strike 1-2: Ball 2-2: Ball 3-2: Base on Balls
|
|
Batting: SHB Callum Lynch
|
0-0: Ball Josh Jones steals 2nd base 1-0: Foul Ball, location: 2F 1-1: SINGLE (Groundball, 3D, EV 95.0 MPH) Josh Jones to third Runner from 3rd tries for Home, SAFE, throw by RF to home
|
|
Batting: RHB Steve Page
|
0-0: Ball 1-0: Called Strike Callum Lynch steals 2nd base 1-1: Called Strike 1-2: Foul Ball, location: 2F 1-2: Strikes out looking
|
|
Batting: RHB Kyle Holland
|
0-0: Ball 1-0: Foul Ball, location: 2F 1-1: Ball 2-1: Called Strike 2-2: Ground out 4-3 (Groundball, 4, EV 81.9 MPH) Callum Lynch to third
|
|
Batting: RHB Coltin Nellis
|
0-0: Fly out, F8 (Flyball, 8RD, EV 93.1 MPH)
|
| Top of the 1st over - 1 run, 1 hit, 0 errors, 1 left on base; Kingsport 1 - Billings 0 |
| BOTTOM OF THE 1ST |
|
Billings Mustangs batting - Pitching for Kingsport Mets : RHP David Koski
|
|
Pitching: RHP David Koski
|
|
|
Batting: RHB Nick Miller
|
0-0: Ground out 6-3 (Groundball, 6, EV 101.9 MPH)
|
|
Batting: LHB Matthew Berry
|
0-0: Ball 1-0: Ball 2-0: Called Strike 2-1: Ball 3-1: Swinging Strike 3-2: Fly out, F4 (Line Drive, 4, EV 63.1 MPH)
|
|
Batting: LHB David Moore
|
0-0: Ball 1-0: Swinging Strike 1-1: Foul Ball, location: 2F 1-2: Foul Ball, location: 2F 1-2: Ball 2-2: Fly out, F4 (Line Drive, 4, EV 63.8 MPH)
|
| Bottom of the 1st over - 0 runs, 0 hits, 0 errors, 0 left on base; Kingsport 1 - Billings 0 |
| TOP OF THE 2ND |
|
Kingsport Mets batting - Pitching for Billings Mustangs : RHP Matt Johnson
|
|
Batting: RHB Jerry Burch
|
0-0: Ball 1-0: Fly out, F6 (Popup, 4M, EV 66.2 MPH)
|
|
Batting: RHB Frank Shaw
|
0-0: Swinging Strike 0-1: Called Strike 0-2: Foul Ball, location: 2F 0-2: Foul Ball, location: 2F 0-2: Ball 1-2: Ball 2-2: Reached on error, E5 (Groundball, 56, EV 91.2 MPH)
|
|
Batting: RHB Danny Runberg
|
0-0: Ball 1-0: Ball 2-0: Called Strike 2-1: Foul Ball, location: 2F 2-2: Foul Ball, location: 2F 2-2: Ball 3-2: Base on Balls Frank Shaw to second
|
|
Batting: RHB Jack Nickleberry
|
0-0: Called Strike 0-1: Ball 1-1: Swinging Strike 1-2: Strikes out swinging
|
|
Batting: RHB Josh Jones
|
0-0: Called Strike 0-1: Ball Wild Pitch! Frank Shaw to third Danny Runberg to second 1-1: Called Strike 1-2: Ball 2-2: Fly out, F9 (Flyball, 9, EV 86.2 MPH)
|
| Top of the 2nd over - 0 runs, 0 hits, 1 error, 2 left on base; Kingsport 1 - Billings 0 |
| BOTTOM OF THE 2ND |
|
Billings Mustangs batting - Pitching for Kingsport Mets : RHP David Koski
|
|
Batting: RHB David Clough
|
0-0: Foul Ball, location: 2F 0-1: Foul Ball, location: 2F 0-2: Ground out 6-3 (Groundball, 6M, EV 80.0 MPH)
|
|
Batting: RHB Jay Jacobson
|
0-0: Called Strike 0-1: Ball 1-1: SINGLE (Groundball, 6M, EV 80.6 MPH) (infield hit)
|
|
Batting: RHB Hector Maldonado
|
0-0: 2-RUN HOME RUN (Flyball, 9LD, EV 96.2 MPH), Distance : 371 ft
|
|
Batting: RHB Jon Monteith
|
0-0: Called Strike 0-1: Ball 1-1: Foul Ball, location: 2F 1-2: SINGLE (Line Drive, 9S, EV 91.9 MPH)
|
|
Batting: RHB Jonathan Robies
|
0-0: Ball 1-0: Ground out 5-3 (Groundball, 56, EV 102.5 MPH) Jon Monteith to second
|
|
Batting: RHB Yutaka Sato
|
0-0: Ball 1-0: Foul Ball, location: 2F 1-1: Swinging Strike 1-2: Strikes out looking
|
| Bottom of the 2nd over - 2 runs, 3 hits, 0 errors, 1 left on base; Kingsport 1 - Billings 2 |
| TOP OF THE 3RD |
|
Kingsport Mets batting - Pitching for Billings Mustangs : RHP Matt Johnson
|
|
Batting: SHB Callum Lynch
|
0-0: Ball 1-0: Swinging Strike 1-1: Ball 2-1: Reached on error, E6 (Groundball, 6, EV 85.6 MPH)
|
|
Batting: RHB Steve Page
|
0-0: Reached on error, E6 (Groundball, 6, EV 80.0 MPH) Callum Lynch to second
|
|
Batting: RHB Kyle Holland
|
0-0: Fly out, F6 (Popup, 6M, EV 73.1 MPH)
|
|
Batting: RHB Coltin Nellis
|
0-0: Swinging Strike 0-1: Fly out, F5 (Popup, 25, EV 78.8 MPH)
|
|
Batting: RHB Jerry Burch
|
0-0: Called Strike 0-1: Swinging Strike 0-2: Strikes out swinging
|
| Top of the 3rd over - 0 runs, 0 hits, 2 errors, 2 left on base; Kingsport 1 - Billings 2 |
| BOTTOM OF THE 3RD |
|
Billings Mustangs batting - Pitching for Kingsport Mets : RHP David Koski
|
|
Batting: RHB Nick Miller
|
0-0: Ball 1-0: Ball 2-0: Swinging Strike 2-1: Ball 3-1: Swinging Strike 3-2: SINGLE (Flyball, 8LS, EV 95.0 MPH)
|
|
Batting: LHB Matthew Berry
|
0-0: Ball 1-0: Fly out, F9 (Flyball, 9D, EV 88.8 MPH)
|
|
Batting: LHB David Moore
|
0-0: Ball Nick Miller steals 2nd base 1-0: Foul Ball, location: 2F 1-1: Swinging Strike 1-2: 2-RUN HOME RUN (Flyball, 9LD, EV 98.8 MPH), Distance : 364 ft
|
|
Batting: RHB David Clough
|
0-0: Ball 1-0: Ground out 5-3 (Groundball, 56S, EV 68.1 MPH)
|
|
Batting: RHB Jay Jacobson
|
0-0: Ball 1-0: Ball 2-0: Ball 3-0: Base on Balls
|
|
Batting: RHB Hector Maldonado
|
0-0: Foul Ball, location: 2F 0-1: Ball 1-1: 2-RUN HOME RUN (Flyball, 7LD, EV 97.5 MPH), Distance : 349 ft
|
|
Batting: RHB Jon Monteith
|
0-0: Ball 1-0: Ball 2-0: Ball 3-0: Base on Balls
|
|
Pitching: RHP Gabe Kelso
|
|
|
Batting: RHB Jonathan Robies
|
0-0: Ball 1-0: Called Strike 1-1: Foul Ball, location: 2F 1-2: Ball 2-2: Ball 3-2: Foul Ball, location: 2F 3-2: Base on Balls Jon Monteith to second
|
|
Batting: RHB Yutaka Sato
|
0-0: Called Strike 0-1: Foul Ball, location: 2F 0-2: Foul Ball, location: 2F 0-2: Ball 1-2: Foul Ball, location: 2F 1-2: Ball 2-2: Foul Ball, location: 2F 2-2: Strikes out swinging
|
| Bottom of the 3rd over - 4 runs, 3 hits, 0 errors, 2 left on base; Kingsport 1 - Billings 6 |
| TOP OF THE 4TH |
|
Kingsport Mets batting - Pitching for Billings Mustangs : RHP Matt Johnson
|
|
Batting: RHB Frank Shaw
|
0-0: Foul Ball, location: 2F 0-1: Foul Ball, location: 2F 0-2: Foul Ball, location: 2F 0-2: Ball 1-2: Foul Ball, location: 2F 1-2: Foul Ball, location: 2F 1-2: Fly out, F7 (Flyball, 7, EV 86.9 MPH)
|
|
Batting: RHB Danny Runberg
|
0-0: Ball 1-0: Ball 2-0: Hit by Pitch
|
|
Batting: RHB Jack Nickleberry
|
0-0: Ball 1-0: Called Strike 1-1: SINGLE (Groundball, P, EV 86.2 MPH) (infield hit) Danny Runberg to second
|
|
Batting: RHB Josh Jones
|
0-0: Swinging Strike 0-1: Foul Ball, location: 2F 0-2: Strikes out looking
|
|
Batting: SHB Callum Lynch
|
0-0: Ball 1-0: Ball 2-0: SINGLE (Groundball, 34D, EV 101.9 MPH) Danny Runberg to third Jack Nickleberry to second Runner from 3rd tries for Home, SAFE, throw by RF to home
|
|
Batting: RHB Steve Page
|
0-0: Ball 1-0: Ball 2-0: Called Strike 2-1: Ball 3-1: Foul Ball, location: 2F 3-2: Foul Ball, location: 2F 3-2: Base on Balls Jack Nickleberry to third Callum Lynch to second
|
|
Batting: RHB Kyle Holland
|
0-0: Foul Ball, location: 2F 0-1: Ball 1-1: Foul Ball, location: 2F 1-2: Ball 2-2: Ball 3-2: Fly out, F4 (Popup, 23, EV 89.4 MPH)
|
| Top of the 4th over - 1 run, 2 hits, 0 errors, 3 left on base; Kingsport 2 - Billings 6 |
| BOTTOM OF THE 4TH |
|
Billings Mustangs batting - Pitching for Kingsport Mets : RHP Gabe Kelso
|
|
Batting: RHB Nick Miller
|
0-0: Foul Ball, location: 2F 0-1: Called Strike 0-2: Foul Ball, location: 2F 0-2: SINGLE (Groundball, 56D, EV 95.6 MPH)
|
|
Batting: LHB Matthew Berry
|
0-0: Ball 1-0: Called Strike Nick Miller steals 2nd base 1-1: Ball 2-1: Swinging Strike 2-2: Strikes out swinging
|
|
Batting: LHB David Moore
|
0-0: Ground out 5-3 (Groundball, 56, EV 93.8 MPH)
|
|
Batting: RHB David Clough
|
0-0: Called Strike 0-1: Ball 1-1: Swinging Strike 1-2: Foul Ball, location: 2F 1-2: Foul Ball, location: 2F 1-2: Ball 2-2: Strikes out swinging
|
| Bottom of the 4th over - 0 runs, 1 hit, 0 errors, 1 left on base; Kingsport 2 - Billings 6 |
| TOP OF THE 5TH |
|
Kingsport Mets batting - Pitching for Billings Mustangs : RHP Matt Johnson
|
|
Batting: RHB Coltin Nellis
|
0-0: Ground out U3 (Groundball, 34, EV 101.9 MPH)
|
|
Batting: RHB Jerry Burch
|
0-0: Ball 1-0: Called Strike 1-1: Ball 2-1: Ball 3-1: Base on Balls
|
|
Batting: RHB Frank Shaw
|
0-0: Ball 1-0: Ball 2-0: Fly out, F5 (Popup, 15S, EV 91.9 MPH)
|
|
Batting: RHB Danny Runberg
|
0-0: Ball 1-0: Foul Ball, location: 2F 1-1: Ball 2-1: Ball 3-1: Foul Ball, location: 2F 3-2: Strikes out swinging
|
| Top of the 5th over - 0 runs, 0 hits, 0 errors, 1 left on base; Kingsport 2 - Billings 6 |
| BOTTOM OF THE 5TH |
|
Billings Mustangs batting - Pitching for Kingsport Mets : RHP Gabe Kelso
|
|
Batting: RHB Jay Jacobson
|
0-0: Ball 1-0: Ball 2-0: Ball 3-0: Called Strike 3-1: Foul Ball, location: 2F 3-2: Base on Balls
|
|
Pitching: RHP Danny Helm
|
|
|
Batting: RHB Hector Maldonado
|
0-0: Ball 1-0: Ball 2-0: Ball 3-0: Called Strike 3-1: Called Strike 3-2: Strikes out swinging
|
|
Batting: RHB Jon Monteith
|
0-0: Ball Jay Jacobson steals 2nd base 1-0: Foul Ball, location: 2F 1-1: Foul Ball, location: 2F 1-2: Ball 2-2: Ball 3-2: Strikes out swinging
|
|
Batting: RHB Jonathan Robies
|
0-0: Ball 1-0: Ball 2-0: Swinging Strike 2-1: Foul Ball, location: 2F 2-2: Foul Ball, location: 2F 2-2: Strikes out swinging
|
| Bottom of the 5th over - 0 runs, 0 hits, 0 errors, 1 left on base; Kingsport 2 - Billings 6 |
| TOP OF THE 6TH |
|
Kingsport Mets batting - Pitching for Billings Mustangs : RHP Matt Johnson
|
|
Pitching: RHP Jaime Kijowski
|
|
|
Batting: RHB Jack Nickleberry
|
0-0: Ground out 6-3 (Groundball, 6M, EV 104.4 MPH)
|
|
Batting: RHB Josh Jones
|
0-0: Called Strike 0-1: Ball 1-1: Foul Ball, location: 2F 1-2: Foul Ball, location: 2F 1-2: Foul Ball, location: 2F 1-2: Foul Ball, location: 2F 1-2: Foul Ball, location: 2F 1-2: Foul Ball, location: 2F 1-2: Ground out 1-3 (Groundball, 13S, EV 65.0 MPH)
|
|
Batting: SHB Callum Lynch
|
0-0: Foul Ball, location: 2F 0-1: Ball 1-1: Called Strike 1-2: Foul Ball, location: 2F 1-2: Fly out, F4 (Flyball, 34D, EV 86.2 MPH)
|
| Top of the 6th over - 0 runs, 0 hits, 0 errors, 0 left on base; Kingsport 2 - Billings 6 |
| BOTTOM OF THE 6TH |
|
Billings Mustangs batting - Pitching for Kingsport Mets : RHP Danny Helm
|
|
Batting: RHB Yutaka Sato
|
0-0: Called Strike 0-1: Foul Ball, location: 2F 0-2: Ball 1-2: Foul Ball, location: 2F 1-2: Hit by Pitch
|
|
Batting: RHB Nick Miller
|
0-0: Ball 1-0: Swinging Strike 1-1: Ball 2-1: Fly out, F4 (Flyball, 4D, EV 90.6 MPH)
|
|
Batting: LHB Matthew Berry
|
0-0: Ball 1-0: Ball 2-0: SINGLE (Groundball, 4MD, EV 98.1 MPH) Yutaka Sato to second
|
|
Pitching: RHP Marvin Merino
|
|
|
Batting: LHB David Moore
|
0-0: Called Strike 0-1: Swinging Strike 0-2: Foul Ball, location: 2F 0-2: Ball 1-2: Ball 2-2: Ball 3-2: Fly out, F7 (Flyball, 7LD, EV 90.0 MPH) Runner from 2nd tags up, SAFE at 3rd, no throw by LF
|
|
Batting: RHB David Clough
|
0-0: Ball 1-0: Called Strike 1-1: Ball 2-1: Called Strike 2-2: Foul Ball, location: 2F 2-2: Fly out, F9 (Flyball, 9LD, EV 98.1 MPH)
|
| Bottom of the 6th over - 0 runs, 1 hit, 0 errors, 2 left on base; Kingsport 2 - Billings 6 |
| TOP OF THE 7TH |
|
Kingsport Mets batting - Pitching for Billings Mustangs : RHP Jaime Kijowski
|
|
Pitching: LHP Paul Fuller
|
|
|
Batting: RHB Steve Page
|
0-0: Ball 1-0: Foul Ball, location: 2F 1-1: Ball 2-1: Foul Ball, location: 2F 2-2: Strikes out swinging
|
|
Batting: RHB Kyle Holland
|
0-0: Called Strike 0-1: Ball 1-1: Fly out, F8 (Flyball, 78D, EV 108.1 MPH)
|
|
Batting: RHB Coltin Nellis
|
0-0: Called Strike 0-1: Ground out 5-3 (Groundball, 5L, EV 85.6 MPH)
|
| Top of the 7th over - 0 runs, 0 hits, 0 errors, 0 left on base; Kingsport 2 - Billings 6 |
| BOTTOM OF THE 7TH |
|
Billings Mustangs batting - Pitching for Kingsport Mets : RHP Marvin Merino
|
|
Pitching: LHP Scott Carr
|
|
|
Batting: RHB Jay Jacobson
|
0-0: Ball 1-0: Called Strike 1-1: Ball 2-1: SINGLE (Flyball, 56D, EV 86.2 MPH)
|
|
Batting: RHB Hector Maldonado
|
0-0: Called Strike 0-1: Ball 1-1: 2-RUN HOME RUN (Flyball, 7D, EV 95.6 MPH), Distance : 374 ft
|
|
Batting: RHB Jon Monteith
|
0-0: Foul Ball, location: 2F 0-1: Swinging Strike 0-2: Foul Ball, location: 2F 0-2: Ball 1-2: SOLO HOME RUN (Flyball, 7LD, EV 97.5 MPH), Distance : 336 ft
|
|
Batting: RHB Jonathan Robies
|
0-0: Ball 1-0: Fly out, F4 (Popup, 4, EV 61.9 MPH)
|
|
Batting: RHB Yutaka Sato
|
0-0: Swinging Strike 0-1: Ball 1-1: Foul Ball, location: 2F 1-2: Ground out 6-3 (Groundball, 6, EV 101.2 MPH)
|
|
Pitching: LHP Tony Diaz
|
|
|
Batting: RHB Nick Miller
|
0-0: Called Strike 0-1: Hit by Pitch
|
|
Pinch Runner at 1st Jon Goddard:
|
|
|
Batting: LHB Matthew Berry
|
0-0: Foul Ball, location: 2F 0-1: Ball 1-1: Called Strike 1-2: Ball 2-2: Foul Ball, location: 2F 2-2: Ball 3-2: Ground out 1-3 (Groundball, 15S, EV 70.0 MPH)
|
| Bottom of the 7th over - 3 runs, 3 hits, 0 errors, 1 left on base; Kingsport 2 - Billings 9 |
| TOP OF THE 8TH |
|
Kingsport Mets batting - Pitching for Billings Mustangs : LHP Paul Fuller
|
|
Now in RF: Jon Goddard
|
|
|
Pinch Hitting: SHB Alec Taylor
|
0-0: Ball 1-0: Ball 2-0: Ball 3-0: Called Strike 3-1: Base on Balls
|
|
Batting: RHB Frank Shaw
|
0-0: Ball 1-0: Ball 2-0: Ball 3-0: Base on Balls Alec Taylor to second
|
|
Pitching: RHP Vladislav Prochazka
|
|
|
Batting: RHB Danny Runberg
|
0-0: Swinging Strike 0-1: Ball 1-1: Ball 2-1: SINGLE (Groundball, 34D, EV 105.6 MPH) Alec Taylor to third Frank Shaw to second
|
|
Batting: RHB Jack Nickleberry
|
0-0: SINGLE (Groundball, 6MS, EV 64.4 MPH) (infield hit) Alec Taylor scores Frank Shaw to third Danny Runberg to second
|
|
Batting: RHB Josh Jones
|
0-0: Ball 1-0: SINGLE (Line Drive, 8LS, EV 88.8 MPH) Frank Shaw scores Danny Runberg to third Jack Nickleberry to second
|
|
Batting: SHB Callum Lynch
|
0-0: Swinging Strike 0-1: Ball 1-1: SINGLE (Groundball, 6MD, EV 94.4 MPH) Danny Runberg scores Jack Nickleberry to third Josh Jones to second Runner from 3rd tries for Home, throw by CF and OUT! 8-2
|
|
Batting: RHB Steve Page
|
0-0: Called Strike 0-1: Foul Ball, location: 2F 0-2: Ball 1-2: Ball 2-2: Foul Ball, location: 2F 2-2: Foul Ball, location: 2F 2-2: Grounds into double play, 5-4-3 (Groundball, 56, EV 101.9 MPH)
|
| Top of the 8th over - 3 runs, 4 hits, 0 errors, 1 left on base; Kingsport 5 - Billings 9 |
| BOTTOM OF THE 8TH |
|
Billings Mustangs batting - Pitching for Kingsport Mets : LHP Tony Diaz
|
|
Now at 3B: Dan House
|
|
|
Batting: LHB David Moore
|
0-0: Ball 1-0: Swinging Strike 1-1: Ball 2-1: Ball 3-1: Base on Balls
|
|
Batting: RHB David Clough
|
0-0: Ball 1-0: Ball 2-0: Foul Ball, location: 2F 2-1: 2-RUN HOME RUN (Flyball, 7LD, EV 91.2 MPH), Distance : 345 ft
|
|
Pitching: LHP Mike Mathews
|
|
|
Batting: RHB Jay Jacobson
|
0-0: Ball 1-0: Ball 2-0: Ball 3-0: Base on Balls
|
|
Batting: RHB Hector Maldonado
|
0-0: Swinging Strike 0-1: Ball 1-1: Ball 2-1: Ball 3-1: Base on Balls Jay Jacobson to second
|
|
Batting: RHB Jon Monteith
|
0-0: Ball 1-0: Ball 2-0: Foul Ball, location: 2F 2-1: Foul Ball, location: 2F 2-2: DOUBLE (Line Drive, 78D, EV 105.6 MPH) Jay Jacobson scores Hector Maldonado to third
|
|
Batting: RHB Jonathan Robies
|
0-0: Ball 1-0: Called Strike 1-1: Ball 2-1: Fly out, F8 (Line Drive, 8LD, EV 96.9 MPH)
|
|
Batting: RHB Yutaka Sato
|
0-0: Called Strike 0-1: Ball 1-1: Ground out 6-3 (Groundball, 6, EV 89.4 MPH) Hector Maldonado scores
|
|
Batting: LHB Jon Goddard
|
0-0: DOUBLE (Line Drive, 89XD, EV 100.0 MPH) Jon Monteith scores
|
|
Batting: LHB Matthew Berry
|
0-0: Called Strike 0-1: Ball 1-1: Ball 2-1: Ball 3-1: Base on Balls
|
|
Batting: LHB David Moore
|
0-0: Ball 1-0: Ball 2-0: Ball 3-0: Base on Balls Jon Goddard to third Matthew Berry to second
|
|
Batting: RHB David Clough
|
0-0: Ball 1-0: GRAND SLAM HOME RUN (Flyball, 78XD, EV 103.1 MPH), Distance : 409 ft
|
|
Pitching: RHP J.D. Brese
|
|
|
Batting: RHB Jay Jacobson
|
0-0: Ball 1-0: Ground out 3-1 (Groundball, 34, EV 85.0 MPH)
|
| Bottom of the 8th over - 9 runs, 4 hits, 0 errors, 0 left on base; Kingsport 5 - Billings 18 |
| TOP OF THE 9TH |
|
Kingsport Mets batting - Pitching for Billings Mustangs : RHP Vladislav Prochazka
|
|
Batting: RHB Kyle Holland
|
0-0: Ball 1-0: SINGLE (Groundball, 56S, EV 71.9 MPH) (infield hit)
|
|
Pitching: RHP George Sanchez
|
|
|
Pinch Hitting: LHB Justin Engelhard
|
0-0: Foul Ball, location: 2F 0-1: Swinging Strike 0-2: Foul Ball, location: 2F 0-2: Ball 1-2: SINGLE (Groundball, 34D, EV 98.1 MPH) Kyle Holland to second
|
|
Batting: RHB Dan House
|
0-0: Ball 1-0: Ball 2-0: Ball 3-0: Base on Balls Kyle Holland to third Justin Engelhard to second
|
|
Batting: RHB Frank Shaw
|
0-0: SINGLE (Groundball, 6D, EV 99.4 MPH) Kyle Holland scores Justin Engelhard to third Dan House to second
|
|
Batting: RHB Danny Runberg
|
0-0: Foul Ball, location: 2F 0-1: Swinging Strike 0-2: Ball 1-2: Strikes out swinging
|
|
Batting: RHB Jack Nickleberry
|
0-0: Called Strike 0-1: Ball 1-1: Foul Ball, location: 2F 1-2: Grounds into double play, 6-4-3 (Groundball, 6, EV 108.8 MPH)
|
| Top of the 9th over - 1 run, 3 hits, 0 errors, 2 left on base; Kingsport 6 - Billings 18 |
|